Cogmind - Beta 13 @@@ ROGUE MODE // 2024.07.27 @ 01:01:26 Player: Nell Result: Destroyed by P-70 Sage with High-powered Shock Rifle Performance ------------- Evolutions (5) 2500 Regions Visited (10) 2000 Robots Destroyed (75) 375 Value Destroyed (1930) 1930 Prototype IDs (4) 80 Alien Tech Used (0) 0 Bonus (1079) 1079 TOTAL SCORE: 7964 Bonus ------- High Alert Combat Kills 306 Follower Combat Kills 273 Entered DSFs 500 Cogmind --------- Core Integrity 0/1000 Matter 184/300 Energy 89/100 System Corruption 4% Temperature Cool (12) Movement Hovering (70) Location -5/Factory Parts ------- > --- POWER (2) -------- (None) > --- PROPULSION (4) --- Gyrokinetic Inverter > --- UTILITY (8) ------ (None) > --- WEAPON (3) ------- (None) > --- INVENTORY (5) ---- Relay Coupler [Hunter] (15) Improved Datajack Peak State ------------ > --- POWER ------------ Light Angular Momentum Engine Fission Core > --- PROPULSION ------- Wheel Compact Wheel > --- UTILITY ---------- Improved Heat Sink Structural Scanner Visual Processing Unit Improved Targeting Computer Improved Targeting Computer Improved Light Armor Plating > --- WEAPON ----------- Battle Rifle Magnetic Acceleration Cannon Magnetic Acceleration Cannon > --- INVENTORY -------- Heavy Ion Engine Relay Coupler [Hunter] Relay Coupler [Behemoth] Heavy Missile Launcher Improved Datajack [Rating: 39] Favorites ----------- Power Heavy Ion Engine Engine Heavy Ion Engine Power Core Light Nuclear Core Propulsion Wheel Treads Armored Treads Leg Centrium Leg Wheel Wheel Hover Unit Gyrokinetic Inverter Flight Unit Flight Unit Utility Improved Targeting Computer Device Structural Scanner Storage Small Storage Unit Processor Improved Targeting Computer Protection Light Armor Plating Weapon Heavy EM Shotgun Energy Gun Heavy EM Shotgun Energy Cannon Heavy Particle Cannon Ballistic Gun Battle Rifle Ballistic Cannon Magnetic Acceleration Cannon Launcher Heavy Missile Launcher Impact Weapon Maul Special Melee Weapon Improved Datajack Build | -11 -10 -9 -9 -8 -7 -7 -6 -6 -6 -5 ------- Run | Yrd Mat Mat Sto Mat Fac DSF Fac Ext Cet Fac Slots Evolved 10 | . . 2 . 2 2 . 2 . . 2 Power 1 | . . . . . 1 . . . . . Propulsion 2 | . . . . 1 . . . . . 1 Utility 6 | . . 2 . 1 1 . 1 . . 1 Weapon 1 | . . . . . . . 1 . . . Parts Attached 89 | 8 2 8 30 12 2 . 2 13 . 12 Power 17 | 1 . 1 6 1 1 . . 6 . 1 Engine 14 | 1 . 1 6 1 1 . . 3 . 1 Core 3 | . . . . . . . . 3 . . Reactor . | . . . . . . . . . . . Propulsion 16 | 2 . 2 5 3 . . . 1 . 3 Treads 3 | . . 2 1 . . . . . . . Leg 1 | . . . . . . . . . . 1 Wheel 8 | 2 . . 2 3 . . . 1 . . Hover 2 | . . . . . . . . . . 2 Flight 2 | . . . 2 . . . . . . . Utility 31 | 2 1 3 13 3 1 . . 1 . 7 Device 16 | 1 1 2 3 2 1 . . . . 6 Storage 1 | 1 . . . . . . . . . . Processor 8 | . . . 6 1 . . . . . 1 Hackware . | . . . . . . . . . . . Protection 6 | . . 1 4 . . . . 1 . . Artifact . | . . . . . . . . . . . Weapon 25 | 3 1 2 6 5 . . 2 5 . 1 Energy Gun 9 | 2 . 2 4 1 . . . . . . Energy Cannon 3 | . 1 . . 2 . . . . . . Ballistic Gun 5 | 1 . . . 1 . . . 3 . . Ballistic Cannon 3 | . . . . 1 . . 2 . . . Launcher 1 | . . . . . . . . . . 1 Special Weapon . | . . . . . . . . . . . Impact Weapon 1 | . . . 1 . . . . . . . Slashing Weapon . | . . . . . . . . . . . Piercing Weapon . | . . . . . . . . . . . Special Melee Weapon 3 | . . . 1 . . . . 2 . . Unidentified Prototypes 4 | . . 1 3 . . . . . . . Corrupted Parts 2 | . . . 1 1 . . . . . . System Corruption 11 | . . . 6 5 . . . . . . Parts Lost 27 | . 1 . 10 6 . 1 . 5 . 4 Power 2 | . . . . 1 . . . . . 1 Propulsion 7 | . . . 2 2 . 1 . 2 . . Utility 11 | . . . 5 2 . . . 2 . 2 Weapon 7 | . 1 . 3 1 . . . 1 . 1 Highest Loss Streak 6 | . 1 . 6 6 . 1 . 3 . 3 To Critical Strikes 1 | . . . . 1 . . . . . . Average Slot Usage (%) 75 | . 100 93 89 82 100 88 76 77 . 5 Engine 8 | . 14 11 10 7 15 15 13 8 . . Treads 7 | . . 22 17 . . . . . . . Wheel 6 | . 28 . . 13 23 17 13 10 . . Flight 1 | . . . 3 3 . . . . . . Device 14 | . 14 20 14 16 23 23 20 17 . 2 Storage 4 | . 14 11 9 . . . . . . . Processor 9 | . . . 3 24 23 23 20 18 . . Protection 4 | . . 6 10 . . . . 3 . . Energy Gun 7 | . 21 21 15 4 . . . . . . Energy Cannon 1 | . 6 . . 5 15 9 . . . . Ballistic Gun 1 | . . . . 3 . . . 3 . . Ballistic Cannon 3 | . . . . . . . 9 11 . . Impact Weapon 1 | . . . 2 2 . . . . . . Naked Turns 290 | . . . . . . . . 47 27 216 Heaviest Build 42 | 13 14 21 27 22 26 26 30 42 . 12 Greatest Support 40 | 20 20 40 40 30 30 30 20 26 3 30 Greatest Overweight (x) 3 | . . . 1 1 . . 1 3 . . Average Overweight (x) . | . . . . . . . . 1 . . Largest Inventory Capacity 8 | 8 8 8 8 5 5 5 5 5 5 5 Average Capacity 6 | 5 8 8 7 5 5 5 5 5 5 5 Most Carried 8 | 3 5 8 8 5 5 5 5 5 5 5 Average Carried 4 | 2 3 5 5 4 3 4 4 4 4 3 Final Capacity 8 | 8 8 8 5 5 5 5 5 5 5 5 Final Carried 7 | 2 4 7 5 4 5 5 5 5 5 2 Class Distribution -------------------- 73% | Mutant 17% | Scavenger-Gunner 9% | Scavenger-Mutant Dominant Class ---------------- Mutant | -10/Materials Mutant | -9/Materials Mutant | -9/Storage Mutant | -8/Materials Scavenger-Mutant | -7/Factory Scavenger-Mutant | -7/DSF Mutant | -6/Factory Scavenger-Gunner | -6/Extension Mutant | -6/Cetus Mutant | -5/Factory Resources | -11 -10 -9 -9 -8 -7 -7 -6 -6 -6 -5 ----------- Run | Yrd Mat Mat Sto Mat Fac DSF Fac Ext Cet Fac Matter Collected 1226 | 227 68 70 313 160 . . . 388 . . Remotely . | . . . . . . . . . . . Salvage Created 2718 | 36 126 156 1692 316 . . . 392 . . Parts 155 | 4 8 14 108 12 . . . 9 . . Haulers Intercepted 5 | . . . 3 2 . . . . . . Recyclers Shooed . | . . . . . . . . . . . Parts Field Recycled . | . . . . . . . . . . . Retrieved Matter . | . . . . . . . . . . . Parts Self-Destructed . | . . . . . . . . . . . Prevented . | . . . . . . . . . . . Kills | -11 -10 -9 -9 -8 -7 -7 -6 -6 -6 -5 ------- Run | Yrd Mat Mat Sto Mat Fac DSF Fac Ext Cet Fac Combat Hostiles Destroyed 49 | . 2 3 36 3 . . . 5 . . Melee 5 | . . . 5 . . . . . . . Guns 23 | . 2 3 16 2 . . . . . . Cannons 6 | . . . . 1 . . . 5 . . AOE 6 | . . . 6 . . . . . . . Classes Destroyed 13 | 1 2 1 8 1 . . . . . . Worker 3 | . . . 3 . . . . . . . Builder 4 | . . . 2 2 . . . . . . Tunneler 2 | 2 . . . . . . . . . . Hauler 5 | . . . 3 2 . . . . . . Recycler 4 | . . . 2 . . . . 2 . . Mechanic 2 | . . . 2 . . . . . . . Operator 2 | . . . 1 1 . . . . . . Watcher 4 | . 1 . 2 1 . . . . . . Swarmer 13 | . . . 11 . . . . 2 . . Grunt 18 | . 2 1 14 . . . . 1 . . Brawler 1 | . . . 1 . . . . . . . Sentry 16 | . . 2 10 2 . . . 2 . . Hunter 1 | . . . . 1 . . . . . . Best Kill Streak 12 | 2 1 1 12 4 . . . 3 . . Combat Bots Only 6 | . 1 1 6 3 . . . 3 . . Max Kills in Single Turn 3 | 1 1 1 3 1 . . . 1 . . Gunslinging 1 | . . . 1 . . . . . . . Exploded 2 | . . . 2 . . . . . . . Melee 1 | . . . 1 . . . . . . . Uniques/NPCs Destroyed . | . . . . . . . . . . . Combat | -11 -10 -9 -9 -8 -7 -7 -6 -6 -6 -5 -------- Run | Yrd Mat Mat Sto Mat Fac DSF Fac Ext Cet Fac Hostile Shots Fired 588 | . 9 10 206 60 . 1 . 156 2 144 Missed 198 | . 2 2 60 10 . . . 63 1 60 Damage Taken 5439 | 26 119 107 1872 626 . 43 . 1137 33 1476 Core 2101 | . 15 14 280 220 . . . 525 33 1014 Absorbed by Shields . | . . . . . . . . . . . Redirected to Shielding 50 | . . 7 43 . . . . . . . Regen/Repaired (Parts) 176 | . . 13 163 . . . . . . . Core Remaining (%) 69 | 100 94 . 26 60 . 100 . . 34 . Volleys Fired 107 | 5 12 4 40 27 . . 1 17 . 1 Largest 3 | 2 2 2 2 2 . . 1 3 . 1 Hottest 150 | 80 100 100 100 150 . . 53 131 . 39 Shots Fired 210 | 10 24 8 71 50 . . 1 45 . 1 Gun 148 | 10 21 8 71 27 . . . 11 . . Cannon 61 | . 3 . . 23 . . 1 34 . . Launcher 1 | . . . . . . . . . . 1 Special . | . . . . . . . . . . . Kinetic 63 | . . . . 17 . . 1 45 . . Thermal 36 | . 3 . . 33 . . . . . . Explosive 1 | . . . . . . . . . . 1 Electromagnetic 110 | 10 21 8 71 . . . . . . . Robot Hit Streak 17 | 2 7 12 17 13 . . . 7 . . Robot Miss Streak 7 | 3 3 1 7 4 . . 5 2 . 3 Penetration Max . | . . . . . . . . . . . Secondary Targets 2 | . . . 2 . . . . . . . Max Gunslinging Chain 1 | . . . 1 . . . . . . . Shots Hit Robots 196 | 4 14 7 87 43 . . . 41 . . Core Hits 94 | 2 5 7 53 12 . . . 13 . 2 Critical Kills 5 | . . . 4 1 . . . . . . Critical Parts Destroyed 10 | . . . 8 2 . . . . . . Critical Strikes 18 | . . . 12 3 . . . 3 . . Blast 3 | . . . . . . . . 3 . . Smash 15 | . . . 12 3 . . . . . . Melee Attacks 61 | . . . 37 11 . . . 13 . . Impact 45 | . . . 34 11 . . . . . . Slashing . | . . . . . . . . . . . Piercing . | . . . . . . . . . . . Sneak Attacks 17 | . . . 3 1 . . . 13 . . Combat Hostiles . | . . . . . . . . . . . Follow-up Attacks . | . . . . . . . . . . . Damage Inflicted 5146 | 83 251 157 2952 881 . . . 797 . 25 Guns 1891 | 53 207 134 1136 277 . . . 84 . . Cannons 980 | . 18 . . 249 . . . 713 . . Explosions 869 | 30 26 23 772 . . . . . . 18 Melee 1384 | . . . 1029 355 . . . . . . Ramming 22 | . . . 15 . . . . . . 7 Kinetic 1012 | . . . . 215 . . . 797 . . Thermal 985 | 30 44 23 577 311 . . . . . . Explosive 213 | . . . 195 . . . . . . 18 Electromagnetic 1530 | 53 207 134 1136 . . . . . . . Impact 1384 | . . . 1029 355 . . . . . . Slashing . | . . . . . . . . . . . Piercing . | . . . . . . . . . . . Highest Corruption 6 | . . . 6 5 . . . . . 4 Average Corruption 5 | . . . 6 5 . . . . . 2 Corruption Purged . | . . . . . . . . . . . Corruption Blocked . | . . . . . . . . . . . Effects 9 | . . . 5 4 . . . . . . Message Errors 1 | . . . 1 . . . . . . . Matter Fused 2 | . . . 2 . . . . . . . Heat Flow Errors 2 | . . . . 2 . . . . . . Energy Discharges 1 | . . . 1 . . . . . . . Data Loss (minor) 1 | . . . 1 . . . . . . . Misfires 1 | . . . . 1 . . . . . . Weapon Failures 1 | . . . . 1 . . . . . . Overload Shots . | . . . . . . . . . . . Overflow Damage 586 | . . . 443 111 . . . 31 . 1 Projectiles 31 | . . . . . . . . 31 . . Explosions 1 | . . . . . . . . . . 1 Melee 554 | . . . 443 111 . . . . . . Knockbacks 11 | . . . 4 1 . . . 6 . . Impact 4 | . . . 4 . . . . . . . Kinetic 4 | . . . . 1 . . . 3 . . Secondary 3 | . . . . . . . . 3 . . Self-Inflicted Damage 247 | 27 18 . 152 . . . . . . 50 Shots 7 | 1 1 . 4 . . . . . . 1 Rammed 5 | . . . 3 . . . . . . 2 Targets Rammed 7 | . . . 5 . . . . . . 2 Kicked . | . . . . . . . . . . . Crushed 2 | . . . 2 . . . . . . . Highest Temperature 292 | 72 147 69 292 144 . . . 84 . . Average Temperature 51 | 34 54 27 68 41 . . . 28 . . Received Heat Transfer 1263 | . 57 48 651 162 . . . 276 9 60 Effects 3 | . . . 3 . . . . . . . Interference 3 | . . . 3 . . . . . . . Siege Activations . | . . . . . . . . . . . Robots Corrupted 2 | . . . 2 . . . . . . . Combat Hostiles 2 | . . . 2 . . . . . . . Parts Fried 17 | . . 1 14 2 . . . . . . Impact Corruptions 22 | . . . 17 4 . . . 1 . . Robots Melted . | . . . . . . . . . . . Combat Hostiles . | . . . . . . . . . . . Parts Melted 1 | . . . . 1 . . . . . . Heat Transferred 1397 | . 87 50 650 610 . . . . . . Parts Sabotaged . | . . . . . . . . . . . Parts Stolen . | . . . . . . . . . . . Parts Stripped . | . . . . . . . . . . . Power Chain Reactions 11 | 1 1 1 8 . . . . . . . Alert | -11 -10 -9 -9 -8 -7 -7 -6 -6 -6 -5 ------- Run | Yrd Mat Mat Sto Mat Fac DSF Fac Ext Cet Fac Peak Influence 1051 | 10 103 185 1051 606 275 197 118 126 59 128 Initial 443 | . 6 42 78 443 275 192 102 57 59 32 Average 252 | 2 59 81 510 556 275 188 113 49 59 42 Maximum Alert Level 3 | . . . 3 2 1 . . . . . Low Security (%) 59 | 100 100 100 6 . . 100 100 100 100 100 Level 1 7 | . . . 20 . 100 . . . . . Level 2 26 | . . . 53 100 . . . . . . Level 3 6 | . . . 19 . . . . . . . Level 4 . | . . . . . . . . . . . Level 5 . | . . . . . . . . . . . High Security . | . . . . . . . . . . . Max Security . | . . . . . . . . . . . Squads Dispatched 14 | . . 1 9 . . . . 2 . 2 Investigation 6 | . . 1 3 . . . . 1 . 1 Extermination 1 | . . . . . . . . . . 1 Reinforcement 5 | . . . 4 . . . . 1 . . Assault 2 | . . . 2 . . . . . . . Garrison . | . . . . . . . . . . . Intercept . | . . . . . . . . . . . Searches Triggered . | . . . . . . . . . . . Construction Impeded 1 | . . . 1 . . . . . . . Haulers Reinforced . | . . . . . . . . . . . Active Scanning Responses . | . . . . . . . . . . . Cargo Convoy Interrupts . | . . . . . . . . . . . Stealth | -11 -10 -9 -9 -8 -7 -7 -6 -6 -6 -5 --------- Run | Yrd Mat Mat Sto Mat Fac DSF Fac Ext Cet Fac Distress Signals 10 | . 1 . 5 1 . . . 1 1 1 Communications Jammed . | . . . . . . . . . . . Distress Signals . | . . . . . . . . . . . Times Spotted 108 | . 5 3 50 10 . 1 . 23 4 12 Peak Tracking Total 10 | . 2 1 7 7 . 1 1 6 5 10 Tactical Retreats 13 | . . . 5 1 . 1 . 4 . 2 Traps | -11 -10 -9 -9 -8 -7 -7 -6 -6 -6 -5 ------- Run | Yrd Mat Mat Sto Mat Fac DSF Fac Ext Cet Fac Traps Triggered 2 | . . . 1 . . . . 1 . . Indirectly . | . . . . . . . . . . . Trap Hack Attempts . | . . . . . . . . . . . Triggered . | . . . . . . . . . . . Disarmed 16 | . . 6 10 . . . . . . . Reprogrammed . | . . . . . . . . . . . Reused . | . . . . . . . . . . . Traps Extracted . | . . . . . . . . . . . Installed . | . . . . . . . . . . . Triggered . | . . . . . . . . . . . Machines | -11 -10 -9 -9 -8 -7 -7 -6 -6 -6 -5 ---------- Run | Yrd Mat Mat Sto Mat Fac DSF Fac Ext Cet Fac Machines Disabled 6 | . . . 6 . . . . . . . Max in Single Turn 2 | . . . 2 . . . . . . . Machines Repaired . | . . . . . . . . . . . Machines Dismantled . | . . . . . . . . . . . Machines Sabotaged . | . . . . . . . . . . . Overloaded Fab Kills . | . . . . . . . . . . . Hacking | -11 -10 -9 -9 -8 -7 -7 -6 -6 -6 -5 --------- Run | Yrd Mat Mat Sto Mat Fac DSF Fac Ext Cet Fac Machines Accessed 14 | . . 2 6 . 1 . . 3 . 2 Terminals 9 | . . 1 4 . 1 . . 3 . . Fabricators 2 | . . . . . . . . . . 2 Repair Stations 3 | . . 1 2 . . . . . . . Recycling Units . | . . . . . . . . . . . Scanalyzers . | . . . . . . . . . . . Garrison Access . | . . . . . . . . . . . Total Hacks 39 | . . 6 19 . 1 . . 9 . 4 Successful 22 | . . 5 12 . 1 . . 2 . 2 Failed 17 | . . 1 7 . . . . 7 . 2 Catastrophic 2 | . . . 1 . . . . 1 . . Database Lockouts . | . . . . . . . . . . . Manual . | . . . . . . . . . . . Terminals 22 | . . 3 9 . 1 . . 9 . . Fabricators 4 | . . . . . . . . . . 4 Repair Stations 13 | . . 3 10 . . . . . . . Recycling Units . | . . . . . . . . . . . Scanalyzers . | . . . . . . . . . . . Garrison Access . | . . . . . . . . . . . Terminal Hacks 11 | . . 3 5 . 1 . . 2 . . Record 1 | . . 1 . . . . . . . . Open Door 4 | . . . 2 . . . . 2 . . Open DSF 1 | . . . . . 1 . . . . . Disarm Traps 4 | . . 2 2 . . . . . . . Zone Layout 1 | . . . 1 . . . . . . . Fabricator Hacks 2 | . . . . . . . . . . 2 Build 2 | . . . . . . . . . . 2 Repair Station Hacks 9 | . . 2 7 . . . . . . . Scan Component 5 | . . 1 4 . . . . . . . Repair 4 | . . 1 3 . . . . . . . Recycling Unit Hacks . | . . . . . . . . . . . Scanalyzer . | . . . . . . . . . . . Garrison Access Hacks . | . . . . . . . . . . . Unauthorized Hacks . | . . . . . . . . . . . Terminals . | . . . . . . . . . . . Fabricators . | . . . . . . . . . . . Repair Stations . | . . . . . . . . . . . Recycling Units . | . . . . . . . . . . . Scanalyzers . | . . . . . . . . . . . Garrison Access . | . . . . . . . . . . . Data Cores Recovered 1 | . . . . 1 . . . . . . Used . | . . . . . . . . . . . Hacking Detections 9 | . . 1 5 . . . . 2 . 1 Full Trace Events 6 | . . 1 3 . . . . 1 . 1 Feedback Events 1 | . . . . . . . . . . 1 Corruption 1 | . . . . . . . . . . 1 Feedback Blocked . | . . . . . . . . . . . Robot Schematics Acquired . | . . . . . . . . . . . Robots Built . | . . . . . . . . . . . Authchips . | . . . . . . . . . . . Time . | . . . . . . . . . . . Total Robot Build Rating . | . . . . . . . . . . . Part Schematics Acquired . | . . . . . . . . . . . Parts Built 1 | . . . . . . . . . . 1 Authchips . | . . . . . . . . . . . Time 203 | . . . . . . . . . . 203 Total Part Build Rating 9 | . . . . . . . . . . 9 Parts Repaired 4 | . . 1 3 . . . . . . . Time 144 | . . 26 118 . . . . . . . Parts Recycled . | . . . . . . . . . . . Recycled Matter . | . . . . . . . . . . . Retrieved Matter . | . . . . . . . . . . . Retrieved Components . | . . . . . . . . . . . Parts Scanalyzed . | . . . . . . . . . . . Part Schematics Acquired . | . . . . . . . . . . . Parts Damaged . | . . . . . . . . . . . Bothacking | -11 -10 -9 -9 -8 -7 -7 -6 -6 -6 -5 ------------ Run | Yrd Mat Mat Sto Mat Fac DSF Fac Ext Cet Fac Used RIF Installer . | . . . . . . . . . . . Robots Hacked . | . . . . . . . . . . . Non-combat . | . . . . . . . . . . . Combat . | . . . . . . . . . . . Robot Hacks Applied . | . . . . . . . . . . . Relay Couplers Released . | . . . . . . . . . . . Fabnet Peak Effective % . | . . . . . . . . . . . Robots Rewired 8 | . . . . . . . . 8 . . Allies Hacked . | . . . . . . . . . . . Hacks Repelled . | . . . . . . . . . . . Allies | -11 -10 -9 -9 -8 -7 -7 -6 -6 -6 -5 -------- Run | Yrd Mat Mat Sto Mat Fac DSF Fac Ext Cet Fac Total Allies 11 | . . . . . . . . 11 . . Largest Group 5 | . . . . . . . . 5 . . Highest-Rated Group 141 | . . . . . . . . 141 . . Highest-Rated Ally 39 | . . . . . . . . 39 . . Total Orders 1 | . . . . . . . . 1 . . GUARD 1 | . . . . . . . . 1 . . Ally Attacks 58 | . . . . . . . . 58 . . Total Damage 1360 | . . . . . . . . 1360 . . Kills 7 | . . . . . . . . 7 . . Allies Corrupted . | . . . . . . . . . . . Allies Melted . | . . . . . . . . . . . Intel | -11 -10 -9 -9 -8 -7 -7 -6 -6 -6 -5 ------- Run | Yrd Mat Mat Sto Mat Fac DSF Fac Ext Cet Fac Robot Analysis Total . | . . . . . . . . . . . Derelict Logs Recovered . | . . . . . . . . . . . Drone Launches . | . . . . . . . . . . . Drone Recoveries . | . . . . . . . . . . . Exploration | -11 -10 -9 -9 -8 -7 -7 -6 -6 -6 -5 ------------- Run | Yrd Mat Mat Sto Mat Fac DSF Fac Ext Cet Fac Turns Passed 3769 | 74 155 247 1195 366 56 39 111 1088 28 410 Spaces Moved 2851 | 57 140 104 676 367 64 44 112 826 54 407 Core 378 | 2 . . . 10 . . . 120 54 192 Treads 478 | . . 99 379 . . . . . . . Legs 29 | . . . . . . . . . . 29 Wheels 1345 | 55 140 5 3 216 64 44 112 706 . . Hover 186 | . . . . . . . . . . 186 Flight 435 | . . . 294 141 . . . . . . Fastest Speed 34 | 50 80 80 34 34 80 80 80 50 50 50 Average Speed 92 | 78 80 165 110 64 80 80 93 101 50 64 Slowest Speed 200 | 80 80 170 170 120 80 80 95 200 50 120 Overloaded Moves . | . . . . . . . . . . . Propulsion Burnouts . | . . . . . . . . . . . Robots Hopped . | . . . . . . . . . . . Cave-ins Triggered . | . . . . . . . . . . . Exploration Rate (%) 28 | 4 36 12 81 27 2 48 4 68 23 13 Regions Visited 10 Branch Regions 3 Pre-discovered Areas . | . . . . . . . . . . . Known Exits Taken 1 | . . . . . 1 . . . . . Unknown Exits Taken 8 | 1 1 1 1 1 . . 1 1 1 . Scrap Searched . | . . . . . . . . . . . Spaces Dug . | . . . . . . . . . . . Terrain Destroyed 78 | 7 4 . 41 8 . . 1 7 . 10 Melee . | . . . . . . . . . . . Projectile 16 | . . . . 8 . . 1 7 . . AOE 62 | 7 4 . 41 . . . . . . 10 Terrain Rammed . | . . . . . . . . . . . Walls Destroyed . | . . . . . . . . . . . Machines Disabled . | . . . . . . . . . . . Actions | -11 -10 -9 -9 -8 -7 -7 -6 -6 -6 -5 --------- Run | Yrd Mat Mat Sto Mat Fac DSF Fac Ext Cet Fac Total 3672 | 72 158 171 973 422 68 49 116 1038 55 550 Wait 486 | . . 39 164 . . . . 155 . 128 Move 2841 | 56 139 103 675 366 63 43 111 825 53 407 Hop . | . . . . . . . . . . . Pick Up 41 | 3 4 10 12 3 3 3 1 2 . . Fast Attach 40 | 6 . 2 11 7 . . 1 4 . 9 Attach 16 | 1 1 1 6 2 2 . . . . 3 Detach 1 | . . . . . . . . . 1 . Swap 33 | 1 1 5 13 3 . . 1 9 . . Drop 31 | . 1 7 10 3 . 3 1 5 1 . Fire 107 | 5 12 4 40 27 . . 1 17 . 1 Melee 61 | . . . 37 11 . . . 13 . . Ram 2 | . . . . . . . . . . 2 Kick . | . . . . . . . . . . . Crush 5 | . . . 5 . . . . . . . Escape Stasis 8 | . . . . . . . . 8 . . Rewire . | . . . . . . . . . . . Trap . | . . . . . . . . . . . Miscellaneous . | . . . . . . . . . . . Route ------- -11/Scrapyard -10/Materials -9/Materials (discovered 2 exits: *Sto x2) -9/Storage -8/Materials -7/Factory (discovered 2 exits: [*Low] / DSF) -7/DSF -6/Factory -6/Extension (discovered 2 exits: *Fac / [*Cet]) -6/Cetus -5/Factory History --------- Turn | Location | Event 9 | -11/Scrapyard | Discovered new exit (range 15) 75 | -11/Scrapyard | Entered Materials 225 | -10/Materials | Discovered new exit (range 7) 230 | -10/Materials | Entered another Materials area 230 | -9/Materials | Evolved 2 slots: Utility x2 230 | -9/Materials | Discovered new exit (range 6) 303 | -9/Materials | Build established: Mutant 396 | -9/Materials | Repaired Sensor Array 406 | -9/Materials | Discovered new exit (range 14) 477 | -9/Materials | Entered Storage 875 | -9/Storage | Repaired Hvy. EM Shotgun 908 | -9/Storage | Repaired Imp. Ion Engine 1267 | -9/Storage | Repaired Lgt. Armor Plating 1277 | -9/Storage | First assault squad dispatched 1420 | -9/Storage | Lost 6 parts (1n3u2w) 1602 | -9/Storage | Core integrity fell below 50% 1669 | -9/Storage | Discovered new exit (range 8) 1672 | -9/Storage | Entered Materials 1672 | -8/Materials | Evolved 2 slots: Propulsion x1, Utility x1 1826 | -8/Materials | Lost 6 parts (1p2n2u1w) 1881 | -8/Materials | Discovered new exit (range 14) 2038 | -8/Materials | Entered Factory 2038 | -7/Factory | Evolved 2 slots: Power x1, Utility x1 2074 | -7/Factory | Discovered new exit (range 11) 2092 | -7/Factory | Identified exit to DSF 2094 | -7/Factory | Entered DSF 2107 | -7/DSF | Discovered new exit (range 17) 2128 | -7/DSF | Additional patrols routed to DSF 2133 | -7/DSF | Entered Factory 2133 | -6/Factory | Evolved 2 slots: Utility x1, Weapon x1 2225 | -6/Factory | Discovered new exit (range 18) 2244 | -6/Factory | Entered Extension 2397 | -6/Extension | Spotted B-75 Beast 2531 | -6/Extension | Rescued a captive Derelict 2890 | -6/Extension | Lost 3 allies 2914 | -6/Extension | Build established: Scavenger-Gunner 3062 | -6/Extension | Lost 3 allies 3166 | -6/Extension | Rescued a captive Derelict 3168 | -6/Extension | Rescued a captive Derelict 3228 | -6/Extension | Spotted B-75 Beast 3234 | -6/Extension | Released all parts (10) 3241 | -6/Extension | Core integrity fell below 50% 3264 | -6/Extension | Lost 3 parts (1n1u1w) 3275 | -6/Extension | Discovered new exit (range 16) 3276 | -6/Extension | Discovered new exit (range 14) 3332 | -6/Extension | Entered Cetus 3341 | -6/Cetus | Spotted Cetus Guard 3341 | -6/Cetus | Spotted Cetus Guard 3342 | -6/Cetus | Spotted Cetus Guard 3353 | -6/Cetus | Discovered new exit (range 16) 3360 | -6/Cetus | Entered Factory 3360 | -5/Factory | Evolved 2 slots: Propulsion x1, Utility x1 3520 | -5/Factory | Fabricated Centrium Leg? 3525 | -5/Factory | Build established: Mutant 3582 | -5/Factory | Released all parts (5) 3608 | -5/Factory | Lost 3 parts (1p1u1w) 3658 | -5/Factory | Core integrity fell below 50% 3756 | -5/Factory | Core integrity fell below 20% 3764 | -5/Factory | Released all parts (2) 3770 | -5/Factory | Destroyed by P-70 Sage with High-powered Shock Rifle Last Messages --------------- Penetrated by Slug. K-01 Serf collects debris. K-01 Serf cleans the Neutrino Reactor. Acquired Imp. Targeting Computer. K-01 Serf cleans the Neutrino Reactor. Connecting with Fabricator... >>Build Building Particle Reactor... ETC: 64 Feedback: System corruption (+1%). ALERT: Suspicious activity at Fabricator F003. Dispatching Investigation squad. K-01 Serf cleans the Neutrino Reactor. R-10 Processor suffers critical hit (Burn). Megafabricator disabled. Imp. Transmission Jammer destroyed. Released Gyrokinetic Inverter. Released Imp. Targeting Computer. Acquired Gyrokinetic Inverter. Slammed into P-70 Sage. Map ----- +----------------------------------------------------+ | # ########## ?????????????????????????????? | | ""???????????????????????????????? | | ^ ""???????????????????????????????? | | """ """ """ ""???????????????????????????????? | | """ """ """ ??????????????????????????????? | | """ """ """ ?????????????????????????????? | | ?????????????????????????????? | | #???????????????????????????????? | | ##+##????????????????????????????????? | | ####+###????????????????????????????????????? | | #???????????????????????????????????????????? | | #???????????????????????????????????????????? | | ### ##???????????????????????????????????????????? | | ??# #????????????????????????????????????????????? | | ??# #????????????????????????????????????????????? | | ??# #????????????????????????????????????????????? | | ?##/#######??????????????????????????????????????? | | ?# #??????????????????????????????????????? | | ?# """ #??????????????????????????????????????? | | ?# """ #??????????????????????????????????????? | | ?# """ """#??????????????????????????????????????? | | ?# """#??????????????????????????????????????? | | ?# """ "#??????????????????????????????????????? | | ?# """ "F"#????##############????????????????????? | | ?# """ """#????# pgg #????????????????????? | | ?# ####?# gg@p #????????????????????? | | ######+####T ### g"""""#????????????????????? | | # h """""#????????????????????? | | # """"""#????????????????????? | | # """"""#????????????????????? | | ^ + """"""#????????????????????? | | # """"#????????????????????? | | ######+### # """"""#????????????????????? | | ?????????# # """"""#????????????????????? | | ?????????# # """"""#????????????????????? | | ?????????# # #????????????????????? | | ?????????# ##############????????????????????? | | ?????????# #?????????????????????????????????? | | ?????????# #?????????????????????????????????? | | ?????????# #?????????????????????????????????? | | ?????????# #?????????????????????????????????? | | ?????????# #?????????????????????????????????? | | ?????????# #?????????????????????????????????? | | ?????????# #?????????????????????????????????? | | ?????????# ??????????????????????????????????? | | ??????????? ??????????????????????????????????? | | ?????????????????????????????????????????????????? | | ?????????????????????????????????????????????????? | | ?????????????????????????????????????????????????? | | ?????????????????????????????????????????????????? | +----------------------------------------------------+ Best States ------------- Heat Dissipation 51 Energy Generation 31 Energy Capacity 360 Matter Stores 300 Matter Capacity 300 Sight Range 18 Robot Scan Range 15 Terrain Scan Range 16 Terrain Scan Density 10 Jamming Range 12 Additional Mass Support 6 Armor Coverage 300 Weapon Shielding 33 Evasion (%) 63 Targeting Accuracy 18 Recoil Reduction 2 Item Schematics ----------------- None Robot Schematics ------------------ None Fabricated ------------ Centrium Leg | x1 | -5/Factory | Preloaded Alien Tech Used ----------------- None Achievements -------------- Significant Disruption Universal Adapter Challenges ------------ None Game ------ Seed CooledLightpackRedistributor Manual? 0 Play Time 00:58:12 Cumulative 8.6 hours Start 2024.07.27 @ 00:06:26 End 2024.07.27 @ 01:01:26 Sessions 1 Manual Loads 0 Difficulty Rogue Special Mode None Game No. 12 Rogue 12 Adventurer 0 Explorer 0 Win Type - Total 0 Types 0/0/0/0/0/0/0/0/0 Lore% 15 Gallery% 17 Achievement% 15 Wizard Run 0 Options --------- Layout 0 ASCII 0 Keyboard 0 Movement Arrows Keybinds 0 Fullscreen 2 Font 24/Smallcaps Map View 76x50 Zoom Use 0% Tactical HUD 0 Map Filters NONE Filters NONE Steam 1 RUN: e82b44d3-b715-4a1d-90e0-898834929538